 Dungeon Crawl Stone Soup version 0.17-a0-2127-g1cb09f6 (webtiles) character file.

504 Minkie the Poker (level 7, -4/52 HPs)
             Began as a Merfolk Gladiator on Oct 22, 2015.
             Slain by Duvessa
             ... wielding a +0 rapier of electrocution
              (10 damage)
             ... on level 4 of the Dungeon.
             The game lasted 00:16:44 (3632 turns).

Minkie the Poker (Merfolk Gladiator)                Turns: 3632, Time: 00:16:44

Health: -4/52      AC: 15    Str: 15    XL:     7   Next: 17%
Magic:  7/7        EV: 11    Int: 10    God:
Gold:   149        SH:  0    Dex: 14    Spells: 0 memorised, 6 levels left

rFire  . . .     SeeInvis .     a - +0 trident
rCold  . . .     Clarity  .     n - +0 plate armour
rNeg   . . .     SustAt   .     (no shield)
rPois  .         Gourm    .     c - +0 helmet
rElec  .         Spirit   .     i - +0 cloak
rCorr  .         Warding  .     m - +0 pair of gloves {archery}
rMut   .         Stasis   .     (no boots)
MR     .....                    (no amulet)
Stlth  ..........               (no ring)
                                r - +5 ring of evasion

@: not resistant to hostile enchantments, extremely unstealthy
A: change form in water, swift swim
a: no special abilities


You were on level 4 of the Dungeon.
You were very hungry.

You visited 2 branches of the dungeon, and saw 6 of its levels.

You collected 149 gold pieces.

Inventory:

Hand Weapons
 a - a +0 trident (weapon)
Missiles
 d - 3 throwing nets (quivered)
Armour
 c - a +0 helmet (worn)
 i - a +0 cloak (worn)
 m - a +0 pair of gloves of archery (worn)
 n - a +0 plate armour (worn)
Jewellery
 r - a +5 ring of evasion (left hand)
Scrolls
 b - a scroll of random uselessness {unknown}
 f - 3 scrolls of amnesia {unknown}
 g - 2 scrolls of recharging {unknown}
 j - a scroll of immolation {unknown}
 k - 2 scrolls of remove curse {unknown}
 o - 3 scrolls of enchant armour {unknown}
 p - a scroll of fog {unknown}
 q - a scroll of magic mapping {unknown}
 s - a scroll of noise {unknown}
Potions
 h - a potion of agility {unknown}
 t - a potion of haste {unknown}
Comestibles
 e - 3 bread rations
 l - 4 meat rations


   Skills:
 - Level 3.0 Fighting
 + Level 7.6 Polearms
 - Level 2.0 Throwing
 * Level 3.7 Armour
 - Level 4.7 Dodging


You had 6 spell levels left.
You didn't know any spells.

Dungeon Overview and Level Annotations

Branches:
Dungeon (5/15)             Temple (1/1) D:4

Altars:
Ashenzari
Cheibriados
Dithmenos
Elyvilon
Kikubaaqudgha
Makhleb
Nemelex Xobeh
Ru
Trog
Xom
Yredelemnul
Zin
The Shining One

Annotations:
D:4 Dowan, Duvessa


Message History

You hit Duvessa.
Duvessa is heavily wounded.
Duvessa closely misses you.
You hit Duvessa but do no damage.
Duvessa is heavily wounded.
You hit Duvessa but do no damage.
Duvessa is heavily wounded.
Duvessa hits you but does no damage.
You are electrocuted!
* * * LOW HITPOINT WARNING * * *
You hit Duvessa.
Duvessa is severely wounded.
Duvessa closely misses you.
Dowan gestures wildly while chanting.
Dowan blinks!
You hit Duvessa.
Duvessa is severely wounded.
Duvessa hits you with a rapier of electrocution.
* * * LOW HITPOINT WARNING * * *
You are electrocuted!
You die...

####.# #.#.................#...
####)## #.#.#.#.#.##.##...######
##....####.#...#.#.....#...######
##.........#.###.####..#...#.....
##.....#####.# #.......#...#.....
########...#.# ####.##'#####.....
.........#.#.# #...........#.....
..#..#..##.#.#
#.ยง.........####.#
......[.##.#.# #@#.........# #.#
.........#.#'##e'#.........# #.#
.........#....>............# #..
..#..#............#........# ##.
..................#........# #..
#########..e......#........# #).
#.............#........# #..
#.............#############..
#.....#.......# #......


You could see Duvessa and Dowan.

Vanquished Creatures
  2 ogres
  A scorpion (D:4)
  2 hounds (D:4)
  2 worker ants (D:4)
  Robin (D:3)
  5 adders
  A gnoll (D:1)
  3 oozes
  3 worms
  2 giant geckos (D:2)
  4 orcs (D:3)
  3 ball pythons
  5 giant cockroaches
  16 goblins
  10 hobgoblins
  10 jackals
  6 bats
  3 giant newts
  4 kobolds
  10 rats
93 creatures vanquished.

Notes
Turn   | Place    | Note
--------------------------------------------------------------
     0 | D:1      | Minkie the Merfolk Gladiator began the quest for the Orb.
     0 | D:1      | Reached XP level 1. HP: 16/16 MP: 1/1
   193 | D:1      | Reached XP level 2. HP: 20/22 MP: 2/2
   993 | D:1      | Reached skill level 5 in Polearms
   993 | D:1      | Reached XP level 3. HP: 26/28 MP: 3/3
  1271 | D:2      | Reached XP level 4. HP: 29/34 MP: 4/4
  1431 | D:2      | Reached skill level 1 in Armour
  1791 | D:3      | Found a faded altar to an unknown god.
  1894 | D:3      | Noticed Robin
  1901 | D:3      | Killed Robin
  1901 | D:3      | Reached skill level 6 in Polearms
  1901 | D:3      | Reached XP level 5. HP: 25/41 MP: 5/5
  2137 | D:3      | Found a bloodstained altar of Trog.
  2620 | D:3      | Noticed an ogre
  2626 | D:3      | Killed an ogre
  2626 | D:3      | Reached XP level 6. HP: 25/47 MP: 6/6
  2811 | D:4      | Reached skill level 7 in Polearms
  3042 | D:4      | Reached XP level 7. HP: 48/52 MP: 7/7
  3331 | D:4      | Found a glowing golden altar of the Shining One.
  3488 | D:4      | Found a staircase to the Ecumenical Temple.
  3497 | Temple   | Entered the Ecumenical Temple
  3605 | D:5      | Entered Level 5 of the Dungeon
  3605 | D:5      | Noticed Duvessa
  3605 | D:5      | Noticed Dowan
  3632 | D:4      | Slain by Duvessa

Vault maps used:
D:1:      lemuel_arrival_broad_hall, serial_co_window_serial,
          co_window_corner_a, co_window_cross_1, co_window_paths_a,
          co_window_corner_a, co_window_paths_a, co_window_paths_a,
          co_window_paths_b, co_window_broadway_c, co_window_cross_4,
          co_window_paths_c, glass_columns_c
D:3:      bloody_trog, ecumenical_altar_2, first_bread, uniq_robin
D:4:      tso_oasis_becter, temple_hall, kennysheep_potato
D:5:      nicolae_qazlal_eye_of_the_storm, vehumet_statue, serial_shops, shop,
          fedhas_bush_and_centaur_altar, uniq_duvessa, uniq_grinder, uniq_pikel,
          uniq_blork_the_orc
Temple:   triangle_lava_temple_11

Action                   |  1- 3 |  4- 6 |  7- 9 || total
-------------------------+-------+-------+-------++-------
Melee: Trident           |   109 |   269 |    52 ||   430
 Stab: Sleeping          |     1 |       |       ||     1
  Eat: Chunk             |     1 |     6 |     1 ||     8
